 Dungeon Crawl Stone Soup version 0.27-a0-1384-g1422d76b99 (webtiles) character file.

Game seed: 12619518973944450270

6582 blackman the Cleaver (level 11, -3/97 HPs)
             Began as a Hill Orc Berserker on June 30, 2021.
             Was an Elder of Trog.
             Slain by an orc warrior (9 damage)
             ... on level 10 of the Dungeon.
             The game lasted 01:11:34 (9813 turns).

blackman the Cleaver (Hill Orc Berserker)           Turns: 9813, Time: 01:11:35

Health: -3/97      AC: 19    Str: 26    XL:     11   Next: 1%
Magic:  11/11      EV:  8    Int:  7    God:    Trog [****..]
Gold:   409        SH:  0    Dex: 10    Spells: 10/10 levels left

rFire    . . .     SeeInvis .   I - +0 broad axe
rCold    . . .     Faith    .   (no shield)
rNeg     + . .     Spirit   .   E - +0 plate armour
rPois    .         Reflect  .   (no helmet)
rElec    .         Harm     .   (no cloak)
rCorr    .         Rampage  .   (no gloves)
Will     .....                  j - +0 pair of boots
Stlth    ..........             (no amulet)
HPRegen  0.26/turn              h - ring of positive energy
MPRegen  0.12/turn              D - +4 ring of protection

@: about to teleport, on berserk cooldown, slowed, very slow
A: passive freeze, strong 1
a: Renounce Religion, Berserk, Trog's Hand, Brothers in Arms


You were on level 10 of the Dungeon.
You worshipped Trog.
Trog was greatly pleased with you.
You visited 2 branches of the dungeon, and saw 11 of its levels.

You collected 409 gold pieces.

Inventory:

Hand Weapons
 a - a +0 hand axe
 d - a +1 dagger of protection
 g - a +3 hand axe of freezing
 k - a +3 vorpal scythe
 p - a +2 short sword of speed
 w - a +3 flail
 x - a +4 short sword
 y - a +2 spear
 G - a +0 hand axe of flaming
 I - a +0 broad axe (weapon)
 M - a +0 dagger
 O - a +4 dagger of chaos
 Q - a +0 battleaxe
Armour
 b - a +0 animal skin
 c - a +0 leather armour
 f - a +0 scale mail
 j - a +0 pair of boots (worn)
 l - a +0 robe of fire resistance
 z - a +0 kite shield
 B - a +0 ring mail
 E - a +0 plate armour (worn)
 P - a +2 robe of willpower
Jewellery
 h - a ring of positive energy (left hand)
 D - a +4 ring of protection (right hand)
 R - a ring of willpower
 S - a ring of protection from fire
Wands
 e - a wand of flame (12) (quivered)
 N - a wand of iceblast (4)
Scrolls
 i - 2 scrolls of teleportation
 m - a scroll of noise {unknown}
 n - a scroll of amnesia {unknown}
 q - a scroll of blinking
 r - 2 scrolls of vulnerability {unknown}
 C - 2 scrolls of immolation
 F - 3 scrolls of identify
 K - 4 scrolls of enchant weapon {unknown}
Potions
 o - 2 potions of magic {unknown}
 s - 2 potions of lignification
 t - a potion of might
 u - 2 potions of flight
 v - a potion of attraction {unknown}
 A - a potion of brilliance {unknown}
 H - a potion of curing {unknown}
 L - a potion of degeneration {unknown}
Miscellaneous
 J - a tin of tremorstones (inert)


   Skills:
 + Level 9.5 Fighting
 - Level 3.7 Short Blades
 * Level 12.7 Axes
 + Level 9.8 Armour
 - Level 3.8 Dodging
 + Level 3.3 Evocations


You had 10 spell levels left.
You didn't know any spells.
Your spell library contained the following spells:

 Spells                   Type           Power      Damage    Failure   Level
 Animate Skeleton         Necr           0%         N/A       99%         1
 Apportation              Tloc           0%         N/A       99%         1
 Corona                   Hex            0%         N/A       99%         1
 Summon Small Mammal      Summ           0%         N/A       99%         1
 Call Imp                 Summ           0%         N/A       100%        2
 Call Canine Familiar     Summ           0%         N/A       100%        3
 Summon Guardian Golem    Hex/Summ       0%         N/A       100%        3
 Summon Ice Beast         Ice/Summ       0%         N/A       100%        4
 Summon Lightning Spire   Summ/Air       0%         N/A       100%        4


Dungeon Overview and Level Annotations

Branches:
Dungeon (9/15)             Temple (1/1) D:4
   Lair: D:8-11         Orc: D:9-12

Altars:
Dithmenos
Elyvilon
Fedhas
Gozag
Kikubaaqudgha
Makhleb
Okawaru
Qazlal
Ru
Sif Muna
Trog
Uskayaw
Vehumet
Wu Jian
Xom
Yredelemnul
Zin
The Shining One

Shops:
D:3 :


Innate Abilities, Weirdness & Mutations

A frigid envelope surrounds you and freezes all who hurt you.
Your muscles are strong. (Str +2)


Message History

You hit the orc warrior.
The orc warrior hits you from afar with a +0 trident!
* * * LOW HITPOINT WARNING * * *
The orc warrior hits you with a +0 short sword.
* * * LOW HITPOINT WARNING * * *
The orc warrior is very cold.
The orc warrior is moderately wounded.
You have reached level 11!
Things that are here:
a +0 club; an orc corpse Unknown command.
You barely miss the orc warrior.
The orc warrior is moderately wounded.
The orc warrior hits you from afar with a +0 trident!
* * * LOW HITPOINT WARNING * * *
You hit the orc warrior.
The orc warrior is moderately wounded.
The orc warrior barely misses you.
You are too berserk!
You are too berserk!
You are no longer berserk.
You are exhausted.
You feel yourself slow down. The orc hits you but does no damage. x2
The orc is very cold.
The orc is heavily wounded.
The orc warrior hits you with a +0 short sword.
* * * LOW HITPOINT WARNING * * *
The orc warrior is very cold.
The orc warrior is moderately wounded.
You don't know any spells.
You don't know any spells.
As you read the scroll of teleportation, it crumbles to dust.
You feel strangely unstable.
The orc warrior hits you with a +0 trident.
* * * LOW HITPOINT WARNING * * *
The orc warrior is very cold.
The orc warrior is lightly wounded.
The orc barely misses you. x2; The orc warrior barely misses you.
The orc warrior hits you with a +0 trident!
You die...

..........##
#.........##
#..........##
.####...........#
................#
........†.......#
.....o.......>..#
.......o).......##
#......@o........#
#......o)..........#
###.................
########...##.....
.........:.
............
.............
##########....


You could see 2 orc warriors and 2 orcs.

Vanquished Creatures
  2 two-headed ogres (D:9)
  A centaur zombie (D:10)
  Psyche (D:8)
  A hornet (D:7)
  Grinder (D:3)
  Sigmund (D:2)
  4 yaks (D:10)
  Grum (D:8)
  A steam dragon (D:9)
  A water moccasin (D:7)
  5 orc warriors
  A sky beast (D:8)
  A black bear (D:4)
  4 wolves (D:8)
  3 centaurs
  A necrophage (D:6)
  4 kobold brigands
  2 scorpions (D:6)
  3 bullfrogs (D:8)
  A gnoll sergeant (D:7)
  A water moccasin zombie (D:5)
  4 wights (D:4)
  A howler monkey (D:10)
  2 hounds
  5 orc priests
  A bullfrog skeleton (D:6)
  An iguana (D:6)
  Natasha (thrice) (D:2)
  15 orc wizards
  A hound zombie (D:5)
  A hound skeleton (D:4)
  A howler monkey skeleton (D:3)
  4 gnolls (D:7)
  8 adders
  A shadow imp (D:6)
  2 white imps
  A worm (D:3)
  An adder skeleton (D:4)
  37 orcs
  5 ball pythons
  4 endoplasms
  A giant cockroach (D:3)
  11 goblins
  4 hobgoblins (D:4)
  4 jackals (D:4)
  3 quokkas
  4 bats
  3 frilled lizards
  21 kobolds
  5 rats
194 creatures vanquished.

Vanquished Creatures (others)
  6 fungi (D:5)
6 creatures vanquished.

Grand Total: 200 creatures vanquished

Notes
Turn   | Place    | Note
-------+----------+-------------------------------------------
     0 | D:1      | blackman the Hill Orc Berserker began the quest for the
                  | Orb.
     0 | D:1      | Reached XP level 1. HP: 19/19 MP: 1/1
   572 | D:1      | Reached XP level 2. HP: 25/27 MP: 2/2
   572 | D:1      | Upgraded the game from 0.27-a0-1378-gdefffd1ff6 to
                  | 0.27-a0-1384-g1422d76b99
   727 | D:1      | Found a faded altar of an unknown god.
  1218 | D:2      | Found an ornate altar of the Wu Jian Council.
  1404 | D:2      | Noticed Sigmund
  1415 | D:2      | Killed Sigmund
  1416 | D:2      | Reached skill level 5 in Fighting
  1416 | D:2      | Reached skill level 5 in Axes
  1416 | D:2      | Reached XP level 3. HP: 11/36 MP: 3/3
  1416 | D:2      | Reached XP level 4. HP: 13/42 MP: 4/4
  1416 | D:2      | Reached XP level 5. HP: 15/48 MP: 5/5
  1683 | D:2      | Noticed Natasha
  1698 | D:2      | Gained mutation: A frigid envelope surrounds you and
                  | freezes all who hurt you. [potion of mutation]
  1698 | D:2      | Gained mutation: Your muscles are strong. (Str +2) [potion
                  | of mutation]
  1699 | D:2      | Killed Natasha
  1730 | D:2      | Noticed Natasha
  1735 | D:2      | Killed Natasha
  1736 | D:2      | Reached XP level 6. HP: 19/56 MP: 6/6
  1750 | D:2      | Noticed Natasha
  1760 | D:2      | Killed Natasha
  1761 | D:2      | Reached skill level 6 in Axes
  2373 | D:3      | You fall into a shaft and drop 1 floor!
  2583 | D:3      | Reached ** piety under Trog
  2682 | D:3      | Found Musam's Book Emporium.
  2698 | D:3      | Noticed Grinder
  2713 | D:3      | Killed Grinder
  2714 | D:3      | Reached skill level 1 in Short Blades
  2714 | D:3      | Reached XP level 7. HP: 25/62 MP: 7/7
  3302 | D:3      | You fall into a shaft and drop 2 floors!
  3302 | D:5      | Entered Level 5 of the Dungeon
  3319 | D:5      | Found a hide-covered altar of Uskayaw.
  3462 | D:4      | Reached skill level 5 in Armour
  3462 | D:4      | Reached XP level 8. HP: 27/68 MP: 8/8
  3712 | D:4      | Found a staircase to the Ecumenical Temple.
  3732 | Temple   | Entered the Ecumenical Temple
  4120 | D:4      | Found a glowing silver altar of Zin.
  4687 | D:5      | Found a glowing golden altar of the Shining One.
  4787 | D:5      | Found a white marble altar of Elyvilon.
  4891 | D:5      | Found a burning altar of Makhleb.
  4953 | D:5      | You fall into a shaft and drop 1 floor!
  5261 | D:6      | Reached skill level 7 in Axes
  5317 | D:6      | Found a sacrificial altar of Ru.
  5493 | D:6      | Reached *** piety under Trog
  5494 | D:6      | Reached XP level 9. HP: 67/79 MP: 9/9
  5768 | D:6      | Reached skill level 8 in Axes
  6208 | D:7      | Noticed a hornet
  6217 | D:7      | Killed a hornet
  6365 | D:7      | Reached skill level 9 in Axes
  6550 | D:7      | You fall into a shaft and drop 2 floors!
  6573 | D:9      | Noticed a two-headed ogre
  6610 | D:9      | Killed a two-headed ogre
  6811 | D:9      | Reached skill level 10 in Axes
  7153 | D:8      | Reached XP level 10. HP: 89/89 MP: 10/10
  7453 | D:8      | Reached skill level 11 in Axes
  7506 | D:8      | Noticed Psyche
  7516 | D:8      | Killed Psyche
  7630 | D:8      | Reached skill level 1 in Evocations
  7642 | D:8      | Noticed Grum
  7660 | D:8      | Killed Grum
  7886 | D:8      | Reached **** piety under Trog
  8232 | D:8      | Found an ornate altar of the Wu Jian Council.
  8757 | D:9      | Noticed a two-headed ogre
  8764 | D:9      | Killed a two-headed ogre
  8765 | D:9      | Reached skill level 12 in Axes
  9563 | D:9      | Found a shimmering blue altar of Sif Muna.
  9771 | D:9      | You fall into a shaft and drop 1 floor!
  9771 | D:10     | Entered Level 10 of the Dungeon
  9809 | D:10     | Reached XP level 11. HP: 33/97 MP: 11/11
  9813 | D:10     | Slain by an orc warrior

Illustrated notes

Levels and vault maps discovered:
D:1:      evilmike_arrival_rings, layout_rooms,
          hellmonk_ecumenical_altar_inner_sanctum
D:2:      layout_basic, basic_altar, uniq_natasha, uniq_sigmund
D:3:      layout_basic, serial_shops, shop, minmay_misc_feat_cross, uniq_grinder
D:4:      layout_basic, kennysheep_mini_moat, minmay_temple_entry_glass
D:5:      layout_rooms, amcnicky_altar_gilded, elyvilon_altar_5,
          kennysheep_little_box, nemelex_diamond_rough_becter,
          lemuel_round_altar, serial_aquarium, aquarium_bridge_square
          [aquarium_subvault_bridge, aquarium_subvault_balcony,
          aquarium_subvault_bridge, aquarium_subvault_wall],
          aquarium_window_corner, aquarium_window_corridor_1,
          aquarium_window_corner, aquarium_window_corner, aquarium_view_2a,
          aquarium_view_2d, aquarium_balcony_5b, aquarium_pool_side,
          corexii_item_surrounded_by_moat, ebering_dispersal_statue_hall
D:6:      layout_gridville, nicolae_overflow_crystal_walls
D:7:      layout_rooms, ashenzari_altar_1, uniq_duvessa, uniq_menkaure
D:8:      layout_basic, kennysheep_mini, uniq_psyche, uniq_grum
D:9:      layout_basic, lemuel_blue_sif_altar
D:10:     layout_cave_pods, amethyst_overflow_temple_binary, david_orc_2,
          special_room [special_room_orc]
Temple:   eino_temple_lava

Skill      XL: |  1  2  3  4  5  6  7  8  9 10 |
---------------+-------------------------------+-----
Fighting       | 5 6 7 8 9 |  9.5
Axes           | 5 6 7 10 12 | 12.7
Armour         | 3 4 5 7 8 9 |  9.8
Dodging        | 2 3 |  3.8
Short Blades   | 1 3 |  3.7
Evocations     | 3 |  3.3

Action                   |  1- 3 |  4- 6 |  7- 9 | 10-12 || total
-------------------------+-------+-------+-------+-------++-------
Melee: Hand axe          |    57 |    59 |    94 |       ||   210
       Short sword       |       |    16 |    47 |       ||    63
       Broad axe         |       |       |    47 |    96 ||   143
Invok: Berserk           |     1 |     1 |     4 |     1 ||     7
       Trog's Hand       |       |       |     2 |     2 ||     4
Evoke: Wand              |       |     1 |     3 |     1 ||     5
       Tin of tremorston |       |       |       |     2 ||     2
  Use: Potion            |       |     3 |       |     1 ||     4
       Scroll            |       |       |     6 |     1 ||     7
Armor: Leather armour    |    15 |     1 |       |       ||    16
       Scale mail        |       |    18 |    32 |       ||    50
       Plate armour      |       |       |    72 |   106 ||   178
Dodge: Dodged            |    40 |    32 |    86 |    66 ||   224

Table legend: (Time is in decaauts)
 A = Elapsed time spent in this place.
 B = Non-inter-level travel time spent in this place.
 C = Inter-level travel time spent in this place.
 D = Time resting spent in this place.
 E = Time spent auto-exploring this place.
 F = Levels seen in this place.
 G = Mean time per level.
                   A        B        C        D        E       F      G
               +--------+--------+--------+--------+--------+-----+--------+
         Total |   9829 |   8270 |   1559 |   2522 |   3945 |  11 |  893.5 |
       Dungeon |   9629 |   8178 |   1451 |   2522 |   3945 |  10 |  962.9 |
        Temple |    200 |     92 |    108 |      0 |      0 |   1 |  200.0 |
               +--------+--------+--------+--------+--------+-----+--------+

Top non-repeatable levels by time:
     D:8: 1663 daAuts
     D:9: 1569 daAuts
     D:6: 1212 daAuts
     D:1: 1178 daAuts
     D:3: 1067 daAuts
     D:2: 1020 daAuts
     D:4: 970 daAuts
     D:5: 513 daAuts
     D:7: 400 daAuts
  Temple: 200 daAuts
    D:10: 34 daAuts
